 Dungeon Crawl Stone Soup version 0.27-a0-1384-g1422d76b99 (webtiles) character file.

Game seed: 9121665970160865857

220345 ipx the Eclecticist (level 18, -14/103 HPs)
             Began as a Deep Elf Fire Elementalist on June 30, 2021.
             Was the Champion of Vehumet.
             Shot with a bolt by a yaktaur (33 damage)
             ... on level 2 of the Vaults on July 1, 2021.
             The game lasted 06:07:04 (18313 turns).

ipx the Eclecticist (Deep Elf Fire Elementalist)   Turns: 18313, Time: 06:07:05

Health: -14/103    AC: 10    Str:  9    XL:     18   Next: 47%
Magic:  16/41      EV: 19    Int: 35    God:    Vehumet [******]
Gold:   1049       SH: 12    Dex: 15    Spells: 4/52 levels left

rFire    + . .     SeeInvis .   a - staff of conjuration
rCold    + + .     Faith    .   G - +0 kite shield
rNeg     . . .     Spirit   .   g - +2 robe {rC+ rF+}
rPois    +         Reflect  .   D - +2 hat
rElec    .         Harm     .   I - +0 cloak
rCorr    .         Rampage  .   w - +0 pair of gloves
Will     ++...                  N - +1 pair of boots
Stlth    ++++......             R - amulet of regeneration
HPRegen  1.27/turn              m - ring "Minearphau" {rPois rC+ Will+ Slay+2}
MPRegen  0.27/turn              x - ring of Xygh {Str+4 Int+6 Stlth+}

@: about to teleport, marked
A: no striking features
}: 1/15 runes: serpentine
a: Renounce Religion


You were on level 2 of the Vaults.
You worshipped Vehumet.
Vehumet was exalted by your worship.
You visited 7 branches of the dungeon, and saw 31 of its levels.
You also visited: Sewer and Ice Cave.

You collected 2926 gold pieces.
You spent 1877 gold pieces at shops.

Inventory:

Hand Weapons
 b - a +8 short sword of electrocution
 q - the +1 spear of Fimbulwinter {protect, rElec rF++ rC- rN+}
   (You found it on level 4 of the Snake Pit)

   It grants its wielder temporary protection when it strikes (+7 to AC).
   rF:        It greatly protects you from fire.
   rC:        It makes you vulnerable to cold.
   rElec:     It insulates you from electricity.
   rN:        It protects you from negative energy.
 z - a +1 dagger of distortion
Missiles
 d - 3 curare-tipped darts (quivered)
 r - 3 throwing nets
 y - 5 atropa-tipped darts
Armour
 g - a +2 robe of resistance (worn)
 j - a +0 troll leather armour
 w - a +0 pair of gloves (worn)
 D - a +2 hat (worn)
 G - a +0 kite shield (worn)
 I - a +0 cloak (worn)
 N - a +1 pair of boots (worn)
 V - a +3 ring mail
Magical Staves
 a - a staff of conjuration (weapon)
 C - a staff of cold
Jewellery
 f - a ring of fire
 k - a +4 ring of slaying
 l - a ring of flight
 m - the ring "Minearphau" (left hand) {rPois rC+ Will+ Slay+2}
   (You acquired it on level 14 of the Dungeon)

   [ring of protection from cold]

   Slay:      It affects your accuracy & damage with ranged weapons and melee
   (+2).
   rC:        It protects you from cold.
   rPois:     It protects you from poison.
   Will:      It increases your willpower.
 p - a +4 ring of protection
 x - the ring of Xygh (right hand) {Str+4 Int+6 Stlth+}
   (You acquired it on level 9 of the Dungeon)

   [ring of intelligence]

   Str:       It affects your strength (+4).
   Int:       It affects your intelligence (+6).
   Stlth:     It makes you more stealthy.
 O - a ring of fire
 R - an amulet of regeneration (around neck)
 S - a +4 ring of evasion
Wands
 o - a wand of polymorph (22)
 t - a wand of paralysis (14)
 v - a wand of digging (10)
Scrolls
 c - 7 scrolls of teleportation
 n - 6 scrolls of magic mapping
 s - 3 scrolls of holy word
 B - 3 scrolls of summoning
 F - a scroll of brand weapon
 H - 5 scrolls of fog
 J - a scroll of immolation
 L - 4 scrolls of blinking
 T - 6 scrolls of identify
 X - a scroll of vulnerability
 Y - a scroll of fear
Potions
 e - 6 potions of brilliance
 h - 11 potions of curing
 u - 2 potions of heal wounds
 A - 4 potions of might
 E - 4 potions of mutation
 M - a potion of lignification
 P - 7 potions of flight
 U - a potion of resistance
 W - a potion of haste
 Z - 2 potions of invisibility
Miscellaneous
 Q - a tin of tremorstones (2/2)


   Skills:
 - Level 8.0 Fighting
 - Level 8.0 Short Blades
 - Level 2.0 Throwing
 - Level 15.0 Dodging
 - Level 6.0 Stealth
 - Level 12.0 Shields
 + Level 17.7 Spellcasting
 - Level 14.0 Conjurations
 - Level 8.0 Summonings
 - Level 7.0 Necromancy
 - Level 2.0 Translocations
 - Level 4.0 Transmutations
 + Level 11.9 Fire Magic
 - Level 2.0 Ice Magic
 - Level 2.0 Air Magic
 - Level 10.0 Evocations


You had 4 spell levels left.
You knew the following spells:

 Your Spells              Type           Power      Damage    Failure   Level
a - Apportation           Tloc           90%        N/A       1%          1
b - Starburst             Conj/Fire      55%        8x6d15    1%          6
c - Freezing Cloud        Conj/Ice/Air   41%        6-21      1%          5
d - Orb of Destruction    Conj           57%        9d16      1%          7
f - Fireball              Conj/Fire      55%        3d21      1%          5
o - Conjure Flame         Conj/Fire      100%       6-21      1%          3
r - Irradiate             Conj/Tmut      48%        3d29      1%          5
s - Spellforged Servitor  Conj/Summ      52%        N/A       4%          7
t - Sticky Flame          Conj/Fire      100%       2d11      1%          4
u - Sublimation of Blood  Necr           34%        N/A       1%          2
y - Searing Ray           Conj           100%       3d7       0%          2
z - Magic Dart            Conj           100%       1d8       0%          1

Your spell library contained the following spells:

 Spells                   Type           Power      Damage    Failure   Level
 Ignition                 Fire           42%        3d12      21%         8
 Fire Storm               Conj/Fire      55%        8d14      87%         9
 Chain Lightning          Conj/Air       46%        3d61      100%        9
 Foxfire                  Conj/Fire      100%       2x1d9     0%          1
 Animate Skeleton         Necr           100%       N/A       1%          1
 Corona                   Hex            34%        N/A       1%          1
 Summon Small Mammal      Summ           100%       N/A       1%          1
 Corpse Rot               Necr/Air       N/A        N/A       1%          2
 Ensorcelled Hibernation  Hex/Ice        76%        N/A       1%          2
 Static Discharge         Conj/Air       92%        N/A       1%          2
 Dazzling Flash           Conj/Hex       100%       N/A       1%          3
 Inner Flame              Hex/Fire       64%        N/A       1%          3
 Dispel Undead            Necr           68%        3d23      1%          4
 Fulminant Prism          Conj/Hex       44%        3d20      1%          4
 Iskenderun's Mystic Bla  Conj/Tloc      92%        2d18      1%          4
 Summon Ice Beast         Ice/Summ       60%        N/A       1%          4
 Summon Lightning Spire   Summ/Air       60%        N/A       1%          4
 Gell's Gravitas          Tloc           22%        N/A       2%          3
 Animate Armour           Summ/Erth      100%       N/A       3%          4
 Confusing Touch          Hex            31%        N/A       4%          3
 Ice Form                 Ice/Tmut       51%        N/A       4%          4
 Petrify                  Tmut/Erth      45%        N/A       7%          4
 Leda's Liquefaction      Hex/Erth       15%        N/A       16%         4
 Bolt of Magma            Conj/Fire/Erth 47%        4d19      1%          5
 Agony                    Necr           68%        N/A       2%          5
 Excruciating Wounds      Necr           34%        N/A       2%          5
 Iron Shot                Conj/Erth      44%        9d9       4%          6
 Yara's Violent Unravell  Hex/Tmut       22%        3d10      5%          5
 Shadow Creatures         Summ           N/A        N/A       10%         6
 Borgnjor's Vile Clutch   Necr/Erth      26%        N/A       11%         5
 Metabolic Englaciation   Hex/Ice        19%        N/A       30%         5
 Silence                  Hex/Air        19%        N/A       30%         5
 Simulacrum               Ice/Necr       29%        N/A       36%         6
 Statue Form              Tmut/Erth      30%        N/A       73%         6
 Ozocubu's Refrigeration  Ice            22%        4d9       80%         7
 Shatter                  Erth           15%        3d15*     100%        9


Dungeon Overview and Level Annotations

Branches:
Dungeon (15/15)            Temple (1/1) D:5            Lair (6/6) D:9
  Snake (4/4) Lair:3        Slime (0/5) Lair:5          Orc (2/2) D:11
    Elf (0/3) Orc:2        Vaults (2/5) D:13         Depths (1/5) D:15
  Sewer (visited)           IceCv (visited)
  Swamp: Lair:2-4    Shoals: Lair:2-4     Crypt: Vaults:2-3

Altars:
Ashenzari
Dithmenos
Elyvilon
Fedhas
Gozag
Hepliaklqana
Kikubaaqudgha
Makhleb
Nemelex Xobeh
Qazlal
Ru
Uskayaw
Vehumet
Wu Jian
Xom
Yredelemnul
Zin
The Shining One
Jiyva

Shops:
D:2 (   D:9 ?   Orc:2 [[?*   Snake:2 *

Annotations:
D:6 exclusion: steam dragon
D:8 exclusion: manticore
D:9 2 transporters, Lanoc's ghost, novice DrIE
D:11 1 runed translucent door, Torious's ghost, journeyman DECj
D:15 3 runed translucent doors, Ewi Odowk's ghost, journeyman DrBe
Lair:2 swamp
Lair:4 3 runed translucent doors, exclusion: player ghost, Dosewi's ghost, journeyman DECj
Snake:1 Frances
Vaults:1 Nikola


Message History

Press: ? - help, Shift-Dir - straight line, f - vault warden, p - yaktaur
Aim: a vault warden, wielding a +1 vorpal halberd and wearing a +0 chain mail You feel a surge of power!
The vault warden activates a sealing rune.
A yaktaur comes into view.
The yaktaur unwields a +0 mace.
The yaktaur wields a +0 arbalest.
The yaktaur shoots a bolt.
The bolt completely misses you.
Okay, then.
Unknown command.
Okay, then.
Aiming: Paralyse
Press: ? - help, Shift-Dir - straight line, f - yaktaur, p - vault warden
Aim: a yaktaur, wielding a +0 arbalest and quivering bolts (ally target, chance to affect: 55%)
The yaktaur resists with significant effort.
The yaktaur shoots a bolt.
The bolt barely misses you.
The yaktaur shoots a bolt.
The bolt hits you!!
Casting: Orb of Destruction (dangerous; 1% risk of failure)
Confirm with . or Enter, or press ? or * to list all spells.
Okay, then.
As you read the scroll of teleportation, it crumbles to dust.
You feel strangely unstable.
The orb of destruction hits the vault warden!!!!
You blow up the vault warden!
Vehumet accepts your kill.
You feel your power returning.
The runic seal fades away.
Your spellforged servitor launches a ball of destructive magic.
The yaktaur shoots a bolt.
The bolt hits you!!
* * * LOW HITPOINT WARNING * * *
The yaktaur wields a +0 arbalest.
The yaktaur shoots a bolt.
The bolt hits you!!
* * * LOW HITPOINT WARNING * * *
The yaktaur shoots a bolt.
You block the bolt.
Unknown command.
Unknown command.
Okay, then.
Okay, then.
You feel much better.
A yaktaur comes into view.
The yaktaur shoots a bolt.
The bolt hits you!!
You die... ..#... p'...

## #... ###. #... #.. #...
#######+########################
....................c.p.........
........c.○°)..8.*..).c.........
.).......)))○○°@○...............
.........c......................
................................
############+################..[
#.#...# #... #.#.#.# #[..
#.#.#.# #... ##.#.## ## #...
#.#.# #.# #...


You could see a vault warden, 4 yaktaurs and a friendly spellforged servitor
(summoned).

Vanquished Creatures
  Saint Roka (Vaults:1)
  Rupert (D:14)
  Jorgrun (D:13)
  Agnes (D:14)
  Roxanne (Snake:2)
  A fire giant (Vaults:2)
  8 nagarajas
  4 vault wardens
  A frost giant (IceCv)
  3 ironbound preservers
  3 dire elephants
  2 ettins
  An eidolon (Vaults:2)
  3 ironbound thunderhulks (Vaults:2)
  2 salamander tyrants (Snake:4)
  4 boulder beetles
  5 hydras
  4 ogre magi (Orc:2)
  3 vault guards (Vaults:2)
  5 centaur warriors
  9 anacondas
  3 catoblepae
  2 ironbound frosthearts
  19 naga warriors
  18 two-headed ogres
  2 death knights
  13 death yaks
  A vampire mage (Vaults:2)
  3 ironbound beastmasters
  A tengu warrior (D:14)
  11 naga sharpshooters
  6 shock serpents (Snake:4)
  2 salamander mystics
  6 skeletal warriors
  5 deep trolls
  A phantasmal warrior (Vaults:2)
  2 glowing orange brains
  2 bog bodies (Lair:2)
  6 naga ritualists
  A lindwurm (Snake:1)
  An obsidian statue (D:13)
  4 ironbound convokers
  An orc knight (Orc:1)
  3 deep elf pyromancers
  A wizard (Vaults:2)
  14 ugly things
  11 mana vipers
  3 orc sorcerers (Orc:1)
  4 cyclopes
  11 salamanders
  4 manticores
  18 elephants
  14 naga magi
  25 black mambas
  2 guardian serpents
  5 vault sentinels
  9 cane toads
  3 kobold demonologists
  8 yaktaurs
  An ice statue (IceCv)
  An unseen horror (D:11)
  3 rime drakes
  8 komodo dragons
  5 tengu conjurers
  2 freezing wraiths
  A nameless horror (Snake:3)
  2 trolls
  26 polar bears
  A polar bear (shapeshifter) (D:15)
  A hornet (D:8)
  6 blink frogs
  2 raiju (Lair:6)
  21 slime creatures
  A dream sheep (shapeshifter) (D:15)
  A centaur simulacrum (D:14)
  6 wraiths
  A human (shapeshifter) (D:15)
  63 yaks
  2 wyverns
  9 vampire mosquitoes
  A steam dragon (D:7)
  3 basilisks
  3 swamp worms (Lair:2)
  13 wargs
  An acid dragon (D:13)
  66 nagas
  11 water moccasins
  13 hell hounds (Lair:6)
  4 ice beasts
  A hornet zombie (D:7)
  12 orc warriors
  A sky beast (D:6)
  14 black bears
  28 ogres
  9 boggarts
  2 centaurs (D:9)
  41 wolves
  A phantom (D:5)
  10 kobold brigands
  3 gnoll sergeants
  13 bullfrogs
  4 scorpions
  A water moccasin skeleton (D:6)
  8 killer bees
  A howler monkey (D:12)
  3 electric eels (D:8)
  6 centaur zombies
  2 jellies
  3 quasits (D:13)
  An iron imp (D:13)
  A bullfrog skeleton (D:5)
  4 orc priests
  3 centaur skeletons
  An iguana (D:4)
  10 orc wizards
  A merfolk avatar (Sewer)
  A merfolk siren (Sewer)
  A hound skeleton (D:4)
  2 howler monkey zombies
  16 gnolls
  A howler monkey skeleton (D:7)
  5 adders
  2 river rats (Sewer)
  4 shadow imps
  A white imp (D:6)
  3 ufetubi
  3 dart slugs
  47 orcs
  A bat (D:3)
  4 endoplasms
  3 giant cockroaches
  12 goblins
  2 hobgoblins
  17 jackals
  4 quokkas
  6 ball pythons
  12 frilled lizards
  35 kobolds
  28 rats
  8 bushes
988 creatures vanquished.

Vanquished Creatures (collateral kills)
  3 vault wardens (Vaults:2)
  2 ironbound preservers (Vaults:2)
  2 yaktaur captains
  A vault guard (Vaults:1)
  An ironbound frostheart (Vaults:2)
  A centaur warrior (Vaults:2)
  An ironbound beastmaster (Vaults:2)
  3 deep trolls (Vaults:2)
  A wizard (Vaults:2)
  A lindwurm (Vaults:2)
  A naga ritualist (Snake:3)
  An ironbound convoker (Vaults:2)
  An orc sorcerer (Vaults:1)
  A mana viper (Snake:3)
  2 ugly things (Vaults:2)
  A black mamba (Snake:3)
  A guardian serpent (Snake:3)
  A naga mage (Snake:3)
  A naga (Snake:3)
  3 orc warriors (Vaults:1)
  An orc (Vaults:1)
  A kobold (D:13)
  2 foxfires
33 creatures vanquished.

Vanquished Creatures (others)
  2 nagas (Snake:4)
  A bush (Lair:6)
  799 foxfires
  76 fungi
  119 plants
997 creatures vanquished.

Grand Total: 2018 creatures vanquished

Notes
Turn   | Place    | Note
-------+----------+-------------------------------------------
     0 | D:1      | ipx the Deep Elf Fire Elementalist began the quest for the
                  | Orb.
     0 | D:1      | Reached XP level 1. HP: 10/10 MP: 6/6
   153 | D:1      | Reached XP level 2. HP: 14/15 MP: 1/8
   438 | D:2      | Reached XP level 3. HP: 17/19 MP: 7/9
   521 | D:2      | Reached skill level 1 in Throwing
   534 | D:2      | Reached XP level 4. HP: 24/24 MP: 1/10
   538 | D:2      | Learned a level 3 spell: Conjure Flame
   554 | D:2      | Found Ontayne's Weapon Shop.
   629 | D:2      | Found a glowing golden altar of the Shining One.
   778 | D:3      | Learned a level 4 spell: Sticky Flame
  1234 | D:4      | Found a shimmering altar of Xom.
  1240 | D:4      | Found an ornate altar of the Wu Jian Council.
  1243 | D:4      | Found a glowing golden altar of the Shining One.
  1348 | D:4      | Reached XP level 5. HP: 20/28 MP: 7/11
  1361 | D:4      | Found a glowing drain.
  1375 | Sewer    | Entered a sewer
  1707 | Sewer    | Reached skill level 5 in Conjurations
  1707 | Sewer    | Reached XP level 6. HP: 23/32 MP: 3/12
  1801 | D:4      | Reached skill level 1 in Evocations
  1852 | D:5      | Entered Level 5 of the Dungeon
  1899 | D:5      | Reached skill level 5 in Fire Magic
  1996 | D:5      | Reached XP level 7. HP: 36/36 MP: 5/13
  2171 | D:5      | Found a staircase to the Ecumenical Temple.
  2193 | Temple   | Entered the Ecumenical Temple
  2288 | Temple   | Became a worshipper of Vehumet
  2381 | D:6      | Learned a level 2 spell: Searing Ray
  2385 | D:6      | Reached skill level 1 in Shields
  2442 | D:6      | Noticed a steam dragon
  2544 | D:6      | Reached XP level 8. HP: 41/41 MP: 6/14
  3002 | D:7      | Learned a level 1 spell: Apportation
  3036 | D:7      | Reached skill level 1 in Translocations
  3161 | D:7      | Reached * piety under Vehumet
  3161 | D:7      | Offered knowledge of Sandblast by Vehumet.
  3250 | D:8      | Reached skill level 4 in Spellcasting
  3250 | D:8      | Reached XP level 9. HP: 40/45 MP: 0/17
  3428 | D:8      | Reached skill level 5 in Spellcasting
  3549 | D:8      | Reached ** piety under Vehumet
  3549 | D:8      | Offered knowledge of Static Discharge by Vehumet.
  3574 | D:8      | Noticed a manticore
  3690 | D:9      | Found a transporter.
  3705 | D:9      | Found a sacrificial altar of Ru.
  3743 | D:9      | Learned a level 5 spell: Fireball
  3782 | D:9      | Reached skill level 6 in Spellcasting
  3839 | D:9      | Reached skill level 5 in Shields
  3935 | D:9      | Found Pibog's Magic Scroll Emporium.
  3975 | D:9      | Bought a scroll of identify for 24 gold pieces
  3975 | D:9      | Bought a scroll of fog for 24 gold pieces
  3975 | D:9      | Bought a scroll of enchant armour for 90 gold pieces
  3975 | D:9      | Bought 3 scrolls of teleportation for 108 gold pieces
  3975 | D:9      | Bought a scroll of teleportation for 36 gold pieces
  3975 | D:9      | Bought a scroll of immolation for 42 gold pieces
  3975 | D:9      | Identified a scroll of acquirement
  3976 | D:9      | Acquired the ring of Xygh {Str+4 Int+6 Stlth+}
  4008 | D:9      | Noticed a two-headed ogre
  4032 | D:9      | Killed a two-headed ogre
  4159 | D:9      | Found a transporter.
  4178 | D:9      | Reached XP level 10. HP: 25/50 MP: 13/21
  4202 | D:9      | Reached skill level 10 in Conjurations
  4258 | D:9      | Reached skill level 5 in Dodging
  4281 | D:9      | Found a staircase to the Lair.
  4339 | D:10     | Entered Level 10 of the Dungeon
  4535 | D:10     | Offered knowledge of Frozen Ramparts by Vehumet.
  4695 | D:10     | Reached skill level 1 in Fighting
  4819 | D:10     | Noticed a white ugly thing
  4853 | D:10     | Acquired the Collected Works on Gliding Battle Magic
  4931 | D:10     | Noticed an eight-headed hydra
  5026 | D:11     | Found a staircase to the Orcish Mines.
  5059 | D:11     | Noticed a cyclops
  5098 | D:11     | Reached *** piety under Vehumet
  5180 | D:11     | Noticed a manticore
  5193 | D:11     | Killed a manticore
  5251 | D:11     | Reached XP level 11. HP: 38/60 MP: 10/23
  5258 | D:11     | Learned a level 6 spell: Starburst
  5324 | D:12     | Noticed a purple ugly thing
  5410 | D:9      | Noticed Lanoc's ghost (novice DrIE)
  5454 | D:9      | Reached skill level 7 in Spellcasting
  5539 | Lair:1   | Entered Level 1 of the Lair of Beasts
  5556 | Lair:1   | Offered knowledge of Stone Arrow by Vehumet.
  5834 | Lair:2   | Noticed a five-headed hydra
  5837 | Lair:2   | Killed a five-headed hydra
  5851 | Lair:2   | Reached skill level 8 in Spellcasting
  5869 | Lair:2   | Noticed a bog body
  5899 | Lair:2   | You fall into a shaft and drop 2 floors!
  6083 | Lair:4   | Reached **** piety under Vehumet
  6087 | Lair:4   | Reached skill level 9 in Spellcasting
  6172 | Lair:4   | Found a runed translucent gate.
  6172 | Lair:4   | Found a runed translucent gate.
  6172 | Lair:4   | Found a runed translucent gate.
  6172 | Lair:4   | Noticed Dosewi's ghost (journeyman DECj)
  6301 | Lair:3   | Noticed a catoblepas
  6334 | Lair:3   | Offered knowledge of Ignite Poison by Vehumet.
  6340 | Lair:3   | Reached skill level 10 in Dodging
  6340 | Lair:3   | Reached skill level 10 in Spellcasting
  6340 | Lair:3   | Reached skill level 10 in Fire Magic
  6373 | Lair:3   | Noticed a death yak
  6379 | Lair:3   | Found a staircase to the Snake Pit.
  6468 | Lair:3   | Reached XP level 12. HP: 66/66 MP: 9/28
  6501 | Lair:3   | Killed a catoblepas
  6702 | Lair:3   | Reached skill level 11 in Spellcasting
  6945 | Lair:1   | Reached ***** piety under Vehumet
  6945 | Lair:1   | Offered knowledge of Hailstorm by Vehumet.
  6997 | Lair:1   | Reached skill level 12 in Spellcasting
  7102 | D:11     | Found a runed translucent door.
  7102 | D:11     | Noticed Torious's ghost (journeyman DECj)
  7297 | D:12     | Noticed a two-headed ogre
  7305 | D:12     | Killed a two-headed ogre
  7306 | D:12     | Reached skill level 5 in Fighting
  7342 | D:12     | Noticed an eight-headed hydra
  7383 | D:12     | Noticed a two-headed ogre
  7385 | D:12     | Killed an eight-headed hydra
  7391 | D:12     | Killed a two-headed ogre
  7538 | D:12     | Noticed a two-headed ogre
  7547 | D:12     | Killed a two-headed ogre
  7548 | D:12     | Reached skill level 13 in Spellcasting
  7591 | D:12     | Noticed a two-headed ogre
  7604 | D:12     | Killed a two-headed ogre
  7605 | D:12     | Reached XP level 13. HP: 30/73 MP: 27/32
  7641 | D:12     | Identified the +5 robe "Xaholo" {*Slow Int+4}
  7883 | D:13     | Noticed Jorgrun
  8202 | D:14     | Noticed Agnes
  8202 | D:14     | Noticed Rupert
  8337 | Orc:1    | Entered Level 1 of the Orcish Mines
  8580 | Orc:1    | Reached skill level 14 in Spellcasting
  8668 | Orc:1    | Found a frozen archway.
  8678 | IceCv    | Entered an ice cave
  8714 | IceCv    | Reached skill level 1 in Short Blades
  8833 | IceCv    | Offered knowledge of Lightning Bolt by Vehumet.
  9323 | IceCv    | Reached skill level 5 in Stealth
  9416 | IceCv    | Noticed a frost giant
  9483 | IceCv    | Killed a frost giant
  9533 | IceCv    | Reached skill level 15 in Spellcasting
  9562 | IceCv    | Identified the +11 crystal plate armour "Idghunt" {Int+7}
  9572 | IceCv    | Learned a level 5 spell: Freezing Cloud
  9658 | Orc:2    | Entered Level 2 of the Orcish Mines
  9659 | Orc:2    | Noticed an ettin
  9665 | Orc:2    | Killed an ettin
  9728 | Orc:2    | Found a staircase to the Elven Halls.
  9742 | Orc:2    | Reached skill level 1 in Ice Magic
  9742 | Orc:2    | Reached skill level 1 in Air Magic
  9743 | Orc:2    | Reached XP level 14. HP: 80/80 MP: 8/35
  9764 | Orc:2    | Reached skill level 5 in Short Blades
 10067 | Orc:2    | Found a burning altar of Makhleb.
 10123 | Orc:2    | Reached skill level 5 in Evocations
 10195 | Orc:1    | Reached skill level 15 in Dodging
 10341 | Orc:2    | Found Viosoc's General Store.
 10341 | Orc:2    | Found Nisis's Magic Scroll Boutique.
 10342 | Orc:2    | Found Foxenoamm's Armour Boutique.
 10342 | Orc:2    | Found Utsink's Armour Shoppe.
 10351 | Orc:2    | Bought a scroll of identify for 24 gold pieces
 10351 | Orc:2    | Bought a scroll of blinking for 90 gold pieces
 10351 | Orc:2    | Bought a potion of curing for 36 gold pieces
 10353 | Orc:2    | Bought a scroll of identify for 32 gold pieces
 10444 | Orc:2    | Bought a scroll of identify for 32 gold pieces
 10444 | Orc:2    | Bought a scroll of blinking for 120 gold pieces
 10444 | Orc:2    | Bought a scroll of identify for 32 gold pieces
 10444 | Orc:2    | Bought a scroll of acquirement for 832 gold pieces
 10444 | Orc:2    | Bought a scroll of enchant weapon for 120 gold pieces
 10444 | Orc:2    | Bought a scroll of identify for 32 gold pieces
 10444 | Orc:2    | Bought a scroll of enchant weapon for 120 gold pieces
 10444 | Orc:2    | Bought a scroll of identify for 32 gold pieces
 10444 | Orc:2    | Acquired a staff of conjuration
 10519 | D:11     | Offered knowledge of Irradiate by Vehumet.
 10526 | D:11     | Learned a level 5 spell: Irradiate
 10556 | D:10     | Reached skill level 1 in Transmutations
 10692 | D:14     | Killed Agnes
 10771 | D:15     | Entered Level 15 of the Dungeon
 10808 | D:15     | Found a runed translucent gate.
 10808 | D:15     | Found a runed translucent gate.
 10808 | D:15     | Found a runed translucent gate.
 10809 | D:15     | Noticed Ewi Odowk's ghost (journeyman DrBe)
 11285 | D:15     | Learned a level 1 spell: Magic Dart
 11319 | D:15     | Found a staircase to the Depths.
 11327 | Depths:1 | Entered Level 1 of the Depths
 11330 | Depths:1 | Noticed a fire giant
 11331 | Depths:1 | Noticed a stone giant
 11337 | D:15     | Reached XP level 15. HP: 55/84 MP: 4/36
 11649 | Lair:3   | Found an ornate altar of the Wu Jian Council.
 11982 | Lair:5   | Reached skill level 16 in Spellcasting
 12052 | Lair:5   | Reached ****** piety under Vehumet
 12151 | Lair:5   | Found a viscous altar of Jiyva.
 12151 | Lair:5   | Found a staircase to the Slime Pits.
 12164 | Lair:6   | Entered Level 6 of the Lair of Beasts
 12198 | Lair:6   | Offered knowledge of Orb of Destruction by Vehumet.
 12217 | Lair:5   | Learned a level 7 spell: Orb of Destruction
 13345 | Snake:1  | Entered Level 1 of the Snake Pit
 13403 | Snake:1  | Offered knowledge of Conjure Ball Lightning by Vehumet.
 13437 | Snake:1  | Reached XP level 16. HP: 88/88 MP: 5/38
 13558 | Snake:1  | Noticed Frances
 13562 | Snake:1  | Reached skill level 10 in Shields
 13649 | Snake:2  | Noticed Roxanne
 13970 | Snake:2  | Killed Roxanne
 14221 | Snake:2  | Found Qomemp's General Store.
 14381 | Snake:2  | Bought a scroll of teleportation for 51 gold pieces
 14451 | Snake:4  | Entered Level 4 of the Snake Pit
 14460 | Snake:4  | Identified the +1 spear of Fimbulwinter {protect, rElec
                  | rF++ rC- rN+}
 14564 | Snake:3  | Offered knowledge of Eringya's Noxious Bog by Vehumet.
 15418 | Snake:4  | Reached XP level 17. HP: 68/95 MP: 16/39
 15631 | Snake:4  | Offered knowledge of Spellforged Servitor by Vehumet.
 15650 | Snake:4  | Learned a level 7 spell: Spellforged Servitor
 15679 | Snake:4  | Reached skill level 1 in Summonings
 16142 | Snake:4  | Got a serpentine rune of Zot
 16193 | Snake:4  | Identified the +8 rapier "Duasuty" {drain, rC+++ rN+ Str-2}
 16246 | Snake:3  | Reached skill level 10 in Evocations
 16266 | Snake:3  | Reached skill level 5 in Summonings
 16455 | Snake:2  | Identified the +3 ring mail of Zin's Felicitations {-Tele
                  | Harm Fly Str+3}
 16776 | D:14     | Killed Rupert
 16967 | D:14     | Acquired the ring "Minearphau" {rPois rC+ Will+ Slay+2}
 17112 | D:13     | Killed Jorgrun
 17191 | D:13     | Learned a level 2 spell: Sublimation of Blood
 17296 | D:13     | Found a gate to the Vaults.
 17327 | Vaults:1 | Entered Level 1 of the Vaults
 17361 | Vaults:1 | Noticed Saint Roka
 17386 | Vaults:1 | Killed Saint Roka
 17388 | Vaults:1 | Reached skill level 5 in Necromancy
 17564 | Vaults:1 | Offered knowledge of Fire Storm by Vehumet.
 17564 | Vaults:1 | Offered knowledge of Chain Lightning by Vehumet.
 17564 | Vaults:1 | Offered knowledge of Ignition by Vehumet.
 17641 | Vaults:1 | Noticed Nikola
 17724 | Vaults:2 | Reached XP level 18. HP: 62/103 MP: 36/40
 17968 | Vaults:2 | Reached skill level 17 in Spellcasting
 18312 | Vaults:2 | HP: 3/103 [yaktaur/bolt[a vault warden] (26)]
 18313 | Vaults:2 | Shot with a bolt by a yaktaur

Illustrated notes

Levels and vault maps discovered:
D:1:      dpeg_arrival_concentric_ovals, layout_rooms,
          hellmonk_ecumenical_altar_prayer_group, nrook_mini_vaults
D:2:      layout_loops_ring, basic_altar, serial_shops, nicolae_diamond_shop
D:3:      layout_rooms
D:4:      layout_basic, gammafunk_temple_overflow_forgotten,
          portal_sewer_entry_d, st_stairs_14
D:5:      layout_rooms
D:6:      layout_basic
D:7:      layout_rooms, grunt_ogre_cave, uniq_joseph
D:8:      nzn_winding_woodlands_small [nzn_winding_woodlands_5x15_garden,
          nzn_winding_woodlands_center_garden,
          nzn_winding_woodlands_5x15_default], layout_rooms, kennysheep_boxes
D:9:      layout_roguey, nicolae_overflow_hidden_temple, david_lair_shrubbed,
          serial_shops, nicolae_shop_competitors_out_of_business,
          gammafunk_ghost_mausoleum
D:10:     layout_irregular_city, enter_trove_6, minivault_14
D:11:     layout_roguey, orc_david_3, gammafunk_ghost_grave,
          minmay_misc_feat_pillars, worms_lemuel
D:12:     layout_roguey, gauntlet_entry_generic, enter_bailey_1, serial_curves,
          eino_curves_04, eino_curves_04
D:13:     kennysheep_kobold_grotto, layout_irregular_city,
          skrybe_vaults_entry_preservation, uniq_jorgrun
D:14:     layout_basic, minmay_misc_feat_rugged, uniq_rupert, uniq_agnes
D:15:     gammafunk_enter_depths_forms, layout_loops_ring,
          chequers_serial_rivers_small_3, maelrawn_ghost_gauntlet_escape,
          drop_trap, serial_bayou_crossing
Temple:   dpeg_five_rooms_temple
Lair:1:   layout_misc_corridors
Lair:2:   layout_long_grid, nicolae_swamp_entry_splash_gauntlet,
          nicolae_quartered_pool_super, grunt_megastairs_1
Lair:3:   layout_loops_ring, guppyfry_snake_entry_garden,
          nzn_masters_of_martial_movement, grunt_megastairs_2,
          infiniplex_staircase_pool_2, serial_bayou_shore_a
Lair:4:   layout_gridlike, ebering_ghost_rock_garden, st_stairs_9
Lair:5:   layout_misc_corridors, slime_altar_1,
          hellmonk_guarded_unrand_seven_league_boots
Lair:6:   hangedman_lair_caniforms_friends, layout_loops_ring, wormcave,
          kilobyte_rumbling_trees
Snake:1:  layout_concentric_octagons, uniq_frances
Snake:2:  layout_grid_maze, serial_shops, nicolae_shop_waterfront, uniq_roxanne
Snake:3:  layout_onion_interference, serial_shops, shop, grunt_ministairs_5,
          grunt_megastairs_5
Snake:4:  minmay_snake_end_coiled, layout_onion_interference, grunt_ministairs_4
Orc:1:    cheibrodos_orc_guarddog, layout_caves, portal_ice_cave_entry_pillars_1
Orc:2:    st_orc_ogre_mass, layout_caves, bloody_makhleb
Vaults:1: ebering_vaults_ghost_reflecting_pool, nicolae_vaults_network_quincunx
          [nicolae_vaults_network_quincunx_subvault,
          nicolae_vaults_network_quincunx_subvault,
          nicolae_vaults_network_quincunx_subvault,
          nicolae_vaults_network_quincunx_subvault,
          nicolae_vaults_network_quincunx_subvault], v_misc_25,
          hangedman_vaults_stretched_pinwheel, hangedman_vaults_slice,
          vaults_mumra_bighexcomb, layout_vaults_omnigrid, serial_shops, shop,
          uniq_nikola, uniq_saint_roka
Vaults:2: v_pattern_4, st_more_cells, nicolae_vaults_little_squares_6,
          nicolae_vaults_windows_and_doors_thing, v_rooms_6,
          hangedman_vaults_stretched_pinwheel, nicolae_vaults_network_s,
          vaults_room_boxed, ontoclasm_vaults_spin, vaults_mumra_chevron,
          minmay_crypt_entry_simple_walls, ontoclasm_vaults_loading_screen,
          grunt_vaults_focal, layout_vaults_ring
Depths:1: layout_cave_shapes, abyss_entry, nicolae_twisting_strands,
          hellmouth_1, kennysheep_generic_room_9, uniq_enchantress

Skill      XL: |  1  2  3  4  5  6  7  8  9 10 11 12 13 14 15 16 17 18 |
---------------+-------------------------------------------------------+-----
Conjurations   | 2 3 4 5 6 8 9 11 12 14 | 14.0
Throwing       | 1 2 |  2.0
Fire Magic     | 4 5 6 7 8 9 10 11 | 11.9
Evocations     | 2 3 6 8 10 | 10.0
Shields        | 1 4 5 6 9 11 12 | 12.0
Translocations | 2 |  2.0
Spellcasting   | 4 6 10 13 15 16 17 | 17.7
Dodging        | 4 7 10 12 14 15 | 15.0
Stealth        | 3 6 |  6.0
Fighting       | 3 4 5 6 8 |  8.0
Short Blades   | 4 8 |  8.0
Ice Magic      | 1 2 |  2.0
Air Magic      | 1 2 |  2.0
Transmutations | 4 |  4.0
Summonings     | 8 |  8.0
Necromancy     | 6 7 |  7.0

Action                   |  1- 3 |  4- 6 |  7- 9 | 10-12 | 13-15 | 16-18 || total
-------------------------+-------+-------+-------+-------+-------+-------++-------
Melee: Unarmed           |     2 |       |       |       |       |       ||     2
       Whip              |       |    51 |    14 |     1 |       |       ||    66
       Short sword       |       |       |       |    66 |   485 |   209 ||   760
       Staff             |       |       |       |       |       |     2 ||     2
Throw: Dart              |     2 |     6 |    15 |    21 |    16 |     2 ||    62
 Cast: Foxfire           |    46 |   103 |   103 |   142 |    98 |       ||   492
       Conjure Flame     |       |     3 |     8 |    13 |     4 |       ||    28
       Searing Ray       |       |       |    27 |    19 |    30 |    27 ||   103
       Apportation       |       |       |     8 |    31 |    42 |     9 ||    90
       Sticky Flame      |       |       |     7 |    41 |   104 |    39 ||   191
       Fireball          |       |       |       |    27 |   123 |   125 ||   275
       Starburst         |       |       |       |    27 |    76 |    39 ||   142
       Irradiate         |       |       |       |       |     2 |       ||     2
       Magic Dart        |       |       |       |       |    22 |    10 ||    32
       Freezing Cloud    |       |       |       |       |    21 |    14 ||    35
       Orb of Destructio |       |       |       |       |     4 |    91 ||    95
       Spellforged Servi |       |       |       |       |       |    17 ||    17
       Sublimation of Bl |       |       |       |       |       |    16 ||    16
Evoke: Wand              |       |       |    35 |    26 |     9 |    70 ||   140
  Use: Scroll            |       |     2 |     9 |    11 |    10 |    15 ||    47
       Potion            |       |     2 |       |     1 |     1 |    10 ||    14
 Stab: Sleeping          |       |     1 |       |       |     1 |     2 ||     4
       Paralysed         |       |       |     7 |       |       |       ||     7
       Distracted        |       |       |       |       |       |     3 ||     3
Armor: Robe              |     1 |    13 |     2 |    37 |   125 |    62 ||   240
       Animal skin       |       |       |       |       |     4 |       ||     4
Dodge: Dodged            |     7 |    42 |    12 |    85 |   399 |   180 ||   725
Block: Buckler           |       |       |     1 |    25 |    79 |       ||   105
       Kite shield       |       |       |       |       |    94 |   210 ||   304

Table legend: (Time is in decaauts)
 A = Elapsed time spent in this place.
 B = Non-inter-level travel time spent in this place.
 C = Inter-level travel time spent in this place.
 D = Time resting spent in this place.
 E = Time spent auto-exploring this place.
 F = Levels seen in this place.
 G = Mean time per level.
                   A        B        C        D        E       F      G
               +--------+--------+--------+--------+--------+-----+--------+
         Total |  19321 |  18544 |    777 |      0 |      0 |  33 |  585.5 |
       Dungeon |   8517 |   8024 |    493 |      0 |      0 |  15 |  567.8 |
        Temple |    146 |    132 |     14 |      0 |      0 |   1 |  146.0 |
          Lair |   3521 |   3351 |    170 |      0 |      0 |   6 |  586.8 |
     Snake Pit |   3426 |   3356 |     70 |      0 |      0 |   4 |  856.5 |
  Orcish Mines |   1242 |   1212 |     30 |      0 |      0 |   2 |  621.0 |
        Vaults |    975 |    975 |      0 |      0 |      0 |   2 |  487.5 |
        Depths |      6 |      6 |      0 |      0 |      0 |   1 |    6.0 |
         Sewer |    462 |    462 |      0 |      0 |      0 |   1 |  462.0 |
      Ice Cave |   1023 |   1023 |      0 |      0 |      0 |   1 | 1023.0 |
               +--------+--------+--------+--------+--------+-----+--------+

Top non-repeatable levels by time:
 Snake:4: 1525 daAuts
     D:9: 1118 daAuts
  Lair:6: 1053 daAuts
   IceCv: 1023 daAuts
 Snake:2: 853 daAuts
    D:13: 817 daAuts
  Lair:3: 785 daAuts
    D:11: 724 daAuts
    D:15: 709 daAuts
 Snake:3: 701 daAuts
    D:12: 690 daAuts
   Orc:1: 677 daAuts
    D:14: 633 daAuts
    D:10: 626 daAuts
Vaults:2: 607 daAuts
